 Dungeon Crawl Stone Soup version 0.20.1-1-g8b1a95d (webtiles) character file.

18172 Gargoyl the Protected (level 12, -7/112 (113) HPs)
             Began as a Minotaur Abyssal Knight on Oct 2, 2017.
             Was a High Priest of Lugonu.
             Mangled by Rupert
             ... wielding a +2 vampiric battleaxe
              (18 damage)
             ... on level 4 of the Lair of Beasts.
             The game lasted 00:29:14 (12993 turns).

Gargoyl the Protected (Minotaur Abyssal Knight)    Turns: 12993, Time: 00:29:14

HP:   -7/112 (113)  AC: 24    Str: 23    XL:     12   Next: 25%
MP:   15/15         EV:  8    Int:  9    God:    Lugonu [*****.]
Gold: 518           SH:  0    Dex: 16    Spells: 11/11 levels left

rFire    . . .     SeeInvis .   h - +1 war axe
rCold    . . .     Gourm    .   u - +0 large shield
rNeg     . . .     Faith    .   P - +0 plate armour
rPois    .         Spirit   .   w - +1 hat {MR+}
rElec    .         Reflect  +   z - +1 cloak {+Inv}
rCorr    .         Harm     .   H - +0 pair of gloves
MR       +....                  d - +2 pair of boots
Stlth    ..........             l - +3 amulet of reflection
Regen    0.3/turn               x - +5 ring of strength
MPRegen  0.2/turn               A - +3 ring of evasion

@: confused, hasted, drained, very quick
A: retaliatory headbutt, horns 2, agile 1, low mp 1, robust 1
a: Depart the Abyss, Bend Space, Banish, Corrupt, Enter the Abyss, Renounce
Religion, Evoke Invisibility


You were on level 4 of the Lair of Beasts.
You worshipped Lugonu.
Lugonu was extremely pleased with you.
You were very hungry.

You visited 2 branches of the dungeon, and saw 13 of its levels.
You visited the Abyss 1 time.

You collected 518 gold pieces.

Inventory:

Hand Weapons
 a - a +3 hand axe
 h - a +1 war axe (weapon)
Missiles
 L - 7 javelins (quivered)
Armour
 d - a +2 pair of boots (worn)
 u - a +0 large shield (worn)
 w - a +1 hat of magic resistance (worn)
 z - a +1 cloak of invisibility (worn)
 H - a +0 pair of gloves (worn)
 P - a +0 plate armour (worn)
Jewellery
 j - an uncursed ring of flight
 l - a +3 amulet of reflection (around neck)
 t - an uncursed ring of positive energy
 x - a +5 ring of strength (left hand)
 A - a +3 ring of evasion (right hand)
 N - an uncursed amulet of magic regeneration
Wands
 r - a wand of scattershot (6/9)
 s - a wand of disintegration (9/24)
 v - a wand of polymorph (13/24)
 Q - a wand of disintegration (14/24)
 S - a wand of lightning (5/15)
 U - a wand of lightning (8/15)
 V - a wand of iceblast (3/15)
Scrolls
 g - a scroll of teleportation
 q - a scroll of remove curse
 y - 3 scrolls of recharging
 C - a scroll of fog
 D - 3 scrolls of magic mapping
 O - 2 scrolls of amnesia
 T - a scroll of blinking
Potions
 b - a potion of heal wounds
 e - 3 potions of agility
 k - 5 potions of curing
 p - 5 potions of flight
 B - 2 potions of brilliance
 E - 2 potions of magic
 G - a potion of ambrosia {unknown}
 J - a potion of degeneration {unknown}
 K - 2 potions of berserk rage {unknown}
Books
 f - a book of Air

   Spells                             Type                      Level
   a - Shock                          Conjuration/Air              1
   b - Swiftness                      Charms/Air                   2
   c - Static Discharge               Conjuration/Air              3
   d - Airstrike                      Air                          4
   e - Lightning Bolt                 Conjuration/Air              5
 I - a book of Changes

   Spells                             Type                      Level
   a - Beastly Appendage              Transmutation                1
   b - Sticks to Snakes               Transmutation                2
   c - Spider Form                    Transmutation/Poison         3
   d - Ice Form                       Ice/Transmutation            4
   e - Blade Hands                    Transmutation                5
Miscellaneous
 W - a lightning rod (4/4)
Comestibles
 c - 10 bread rations
 i - 2 meat rations
 n - 5 royal jellies
 M - 5 fruits


   Skills:
 + Level 8.9(7.8) Fighting
   Level 2.3(1.4) Long Blades
 + Level 12.7(11.6) Axes
 + Level 1.6(0.7) Throwing
 * Level 13.7(12.5) Armour
 + Level 3.8(2.8) Dodging
 + Level 5.5(4.5) Shields
 * Level 8.9(7.8) Invocations


You had 11 spell levels left.
You didn't know any spells.

Dungeon Overview and Level Annotations

Branches:
Dungeon (9/15)             Temple (0/1) D:5            Lair (4/6) D:9
 Spider (0/4) Lair:3          Orc (0/2) D:9
  Swamp: Lair:2-4    Shoals: Lair:2-4

Altars:
Dithmenos
Gozag
Makhleb
Uskayaw
Zin
The Shining One

Shops:
D:6 *

Annotations:
D:6 2 transporters
Lair:4 Rupert


Innate Abilities, Weirdness & Mutations

You reflexively headbutt those who attack you in melee.
You have a pair of horns on your head.
You are agile. (Dex +2)
Your magical capacity is low. (-10% MP)
You are robust. (+10% HP)


Message History

Unknown command.
Your plate armour prevents you from hitting Rupert.
Rupert is moderately wounded.
You hit the porcupine but do no damage. The porcupine barely misses you.
Unknown command.
Your shield prevents you from hitting Rupert.
Rupert is moderately wounded.
You hit the porcupine.
Rupert roars madly and goes into a rage!
Rupert goes berserk!
Unknown command.
You closely miss Rupert.
Rupert is moderately wounded.
You hit the porcupine.
The porcupine bites you but does no damage.
Rupert hits you with a vampiric battleaxe!!
* * * LOW HITPOINT WARNING * * *
Rupert draws strength from your wounds!
Rupert hits you with a vampiric battleaxe!!
You die...

................
...............
...............
.......<..#
..........#
.###.#....# #
#.>.## ..####.@r#
.......@.#
...##....##
###.....#
#..#...## .#
####......# ..##
..........###..P#
.................
..........†......
.........††......


You could see Rupert (berserk) and a porcupine.

Vanquished Creatures
  Gastronok (Lair:2)
  Harold (Lair:2)
  Erica (Lair:1)
  2 two-headed ogres
  An ugly thing (D:9)
  A wolf spider (Lair:3)
  Maurice (D:9)
  4 spiny frogs
  4 komodo dragons
  The ghost of patcoet the Covert, a novice SpAs (D:5)
  3 hippogriffs
  2 wyverns (Lair:3)
  11 yaks
  Grum (D:9)
  3 steam dragons (D:8)
  2 basilisks
  The ghost of Phantomfrettchen the Skirmisher, an amateur DsCK of Xom (D:3)
  Edmund (D:6)
  Duvessa (D:6)
  6 water moccasins
  4 porcupines
  2 ice beasts
  2 orc warriors
  2 sky beasts
  A black bear (D:7)
  A necrophage (D:9)
  2 phantoms
  8 wolves
  4 ogres
  7 centaurs
  4 crocodiles
  Blork the orc (D:4)
  11 bullfrogs
  2 big kobolds
  A gnoll sergeant (D:8)
  5 scorpions
  Dowan (D:6)
  2 vampire bats (D:3)
  3 killer bees (D:7)
  A howler monkey (D:6)
  An electric eel (Lair:3)
  A bullfrog zombie (D:5)
  3 crimson imps
  2 centaur zombies
  6 orc wizards
  6 orc priests
  7 hounds
  2 bullfrog skeletons
  5 iguanas
  13 hell rats
  4 worker ants
  A hound zombie (D:7)
  A hound skeleton (D:6)
  3 howler monkey zombies
  A worker ant zombie (D:5)
  3 gnolls (D:8)
  9 adders
  A howler monkey skeleton (D:5)
  2 shadow imps
  2 oozes
  An adder zombie (D:5)
  4 worms
  A dart slug (D:1)
  4 leopard geckos
  39 orcs
  12 bats
  A giant cockroach (D:5)
  10 goblins
  7 hobgoblins
  6 jackals
  11 kobolds
  3 quokkas
  6 ball pythons
  5 frilled lizards
  A giant cockroach zombie (D:5)
  A leopard gecko skeleton (D:5)
  A quokka skeleton (D:5)
  6 rats
  A fungus (Lair:2)
305 creatures vanquished.

Vanquished Creatures (others)
  An oklob plant (Lair:2)
  A fire vortex (Lair:1)
  2 fungi
  A plant (D:9)
5 creatures vanquished.

Grand Total: 310 creatures vanquished

Notes
Turn   | Place    | Note
-------+----------+-------------------------------------------
     0 | Abyss:1  | Gargoyl the Minotaur Abyssal Knight began the quest for the Orb.
     0 | Abyss:1  | Reached XP level 1. HP: 19/19 MP: 1/1
    36 | Abyss:2  | Noticed a neqoxec
    36 | D:1      | Escaped the Abyss
   193 | D:1      | Reached XP level 2. HP: 22/27 MP: 2/2
   284 | D:1      | Reached * piety under Lugonu
   427 | D:1      | Reached skill level 3 in Armour
  1184 | D:2      | Found an opulent altar of Gozag.
  1232 | D:2      | Reached XP level 3. HP: 32/33 MP: 3/3
  1573 | D:2      | Found a glowing golden altar of the Shining One.
  1833 | D:3      | Noticed Phantomfrettchen's ghost (amateur DsCK)
  1844 | D:3      | Reached ** piety under Lugonu
  1847 | D:3      | Reached XP level 4. HP: 37/41 MP: 4/4
  1862 | D:3      | Paralysed by Phantomfrettchen's ghost for 2 turns
  1865 | D:3      | Killed Phantomfrettchen's ghost
  1865 | D:3      | Reached skill level 5 in Fighting
  1865 | D:3      | Reached skill level 4 in Armour
  1865 | D:3      | Reached XP level 5. HP: 18/48 MP: 5/5
  2257 | D:3      | Reached XP level 6. HP: 56/56 MP: 7/7
  2981 | D:3      | Reached skill level 5 in Armour
  3060 | D:4      | Noticed Blork the orc
  3076 | D:4      | Killed Blork the orc
  3076 | D:4      | Reached skill level 5 in Axes
  3164 | D:4      | Got an iridescent falchion
  3201 | D:4      | Identified the cursed +2 falchion "Guemipim" {vamp, rF+ MP+9} (You found it on level 4 of the Dungeon)
  3285 | D:4      | Found a hide-covered altar of Uskayaw.
  3449 | D:4      | Reached XP level 7. HP: 61/61 MP: 8/8
  3674 | D:5      | Entered Level 5 of the Dungeon
  3674 | D:5      | Noticed patcoet's ghost (novice SpAs)
  3690 | D:5      | Killed patcoet's ghost
  3690 | D:5      | Reached skill level 1 in Long Blades
  3690 | D:5      | Reached skill level 6 in Armour
  3847 | D:5      | Got a fine whip
  3849 | D:5      | Identified the +5 whip of Lyuhineo {venom, rElec rPois Str-4 Stlth+} (You found it on level 5 of the Dungeon)
  3917 | D:4      | Reached *** piety under Lugonu
  4084 | D:5      | Reached skill level 7 in Armour
  4084 | D:5      | Reached XP level 8. HP: 67/69 MP: 10/10
  4434 | D:5      | Found a staircase to the Ecumenical Temple.
  5023 | D:6      | Reached skill level 8 in Armour
  5127 | D:6      | Found Jiuchao's Serpentskin Sales.
  5127 | D:6      | Reached **** piety under Lugonu
  5219 | D:6      | Noticed Edmund
  5238 | D:6      | Killed Edmund
  5254 | D:6      | Reached skill level 5 in Invocations
  5254 | D:6      | Reached XP level 9. HP: 71/75 MP: 11/11
  5530 | D:6      | Found a transporter.
  5531 | D:6      | Noticed a kobold demonologist
  5563 | D:6      | Reached skill level 9 in Armour
  5627 | D:6      | Noticed Duvessa
  5629 | D:6      | Noticed Dowan
  5631 | D:6      | Found a transporter.
  5634 | D:6      | Killed Dowan
  5651 | D:6      | Killed Duvessa
  5856 | D:6      | Found a burning altar of Makhleb.
  5858 | D:6      | Found a glowing silver altar of Zin.
  5858 | D:6      | Noticed an angel
  5859 | D:6      | Noticed a green death
  5931 | D:7      | Reached skill level 1 in Throwing
  6370 | D:7      | Reached ***** piety under Lugonu
  6465 | D:7      | Reached skill level 10 in Armour
  7235 | D:8      | Noticed a two-headed ogre
  7250 | D:8      | Killed a two-headed ogre
  7250 | D:8      | Reached skill level 10 in Axes
  7250 | D:8      | Reached XP level 10. HP: 19/84 MP: 13/13
  7605 | D:8      | Reached skill level 11 in Armour
  7706 | D:9      | Noticed Grum
  7706 | D:9      | Noticed a two-headed ogre
  7710 | D:9      | Noticed a cyan ugly thing
  7713 | D:9      | Noticed Maurice
  7716 | D:9      | HP: 3/84 [wolf[Grum] (5)]
  8566 | D:9      | Killed a cyan ugly thing
  8591 | D:9      | Found a staircase to the Lair.
  8740 | D:9      | Killed Grum
  8849 | D:9      | Found a shadowy altar of Dithmenos.
  8858 | D:9      | Reached skill level 12 in Armour
  8881 | D:9      | Killed a two-headed ogre
  8881 | D:9      | Reached XP level 11. HP: 25/94 MP: 15/15
  9147 | D:9      | Killed Maurice
  9331 | D:9      | Found a staircase to the Orcish Mines.
  9715 | Lair:1   | Entered Level 1 of the Lair of Beasts
 10364 | Lair:1   | Noticed Erica
 10390 | Lair:1   | Killed Erica
 10614 | Lair:1   | Gained mutation: You have very sharp teeth. [potion of mutation]
 10614 | Lair:1   | Gained mutation: You are resistant to hostile enchantments. (MR+) [potion of mutation]
 10614 | Lair:1   | Gained mutation: Your body sometimes deteriorates upon taking damage. [potion of mutation]
 10614 | Lair:1   | Gained mutation: You have a pair of large horns on your head. [potion of mutation]
 10615 | Lair:1   | Lost mutation: Your body sometimes deteriorates upon taking damage. [potion of mutation]
 10615 | Lair:1   | Lost mutation: You have a pair of large horns on your head. [potion of mutation]
 10615 | Lair:1   | Lost mutation: You are resistant to hostile enchantments. (MR+) [potion of mutation]
 10615 | Lair:1   | Lost mutation: You have very sharp teeth. [potion of mutation]
 10615 | Lair:1   | Gained mutation: You evolve. [potion of mutation]
 10615 | Lair:1   | Gained mutation: You are robust. (+10% HP) [potion of mutation]
 10615 | Lair:1   | Gained mutation: Your mind is acute. (Int +2) [potion of mutation]
 10649 | Lair:1   | Lost mutation: Your mind is acute. (Int +2) [potion of mutation]
 10649 | Lair:1   | Lost mutation: You evolve. [potion of mutation]
 10649 | Lair:1   | Gained mutation: Your magical capacity is low. (-10% MP) [potion of mutation]
 10649 | Lair:1   | Gained mutation: You are agile. (Dex +2) [potion of mutation]
 10781 | Lair:2   | Reached skill level 1 in Shields
 10800 | Lair:2   | Noticed Gastronok
 10826 | Lair:2   | Killed Gastronok
 10826 | Lair:2   | Reached skill level 13 in Armour
 11111 | Lair:2   | Noticed an oklob plant
 11113 | Lair:2   | Banished an oklob plant
 11154 | Lair:2   | Noticed Harold
 11190 | Lair:2   | Killed Harold
 11984 | Lair:3   | Reached XP level 12. HP: 33/112 MP: 15/15
 12188 | Lair:3   | Found a hole to the Spider Nest.
 12259 | Lair:3   | Reached skill level 5 in Shields
 12947 | Lair:4   | Noticed Rupert
 12993 | Lair:4   | Mangled by Rupert

Skill      XL: |  1  2  3  4  5  6  7  8  9 10 11 12 |
---------------+-------------------------------------+-----
Fighting       | 4 5 6 7 8 |  8.9
Armour         | 3 4 5 7 8 10 12 13 | 13.7
Invocations    | 2 3 4 5 6 7 8 |  8.9
Axes           | 3 4 5 8 10 11 12 | 12.7
Dodging        | 2 3 |  3.8
Long Blades    | 2 |  2.3
Throwing       | 1 |  1.6
Shields        | 4 5 |  5.5

Action                   |  1- 3 |  4- 6 |  7- 9 | 10-12 || total
-------------------------+-------+-------+-------+-------++-------
Melee: Hand axe          |    71 |   103 |   365 |   551 ||  1090
       Headbutt          |     4 |    14 |    84 |   184 ||   286
       Falchion          |       |     7 |    28 |       ||    35
       War axe           |       |       |       |    82 ||    82
Throw: Tomahawk          |       |       |     5 |       ||     5
       Javelin           |       |       |     4 |     3 ||     7
Invok: Depart the Abyss  |     1 |       |       |       ||     1
       Bend Space        |       |       |       |     1 ||     1
       Banish            |       |       |       |     1 ||     1
  Use: Scroll            |     4 |     4 |     6 |    10 ||    24
       Potion            |       |       |       |    15 ||    15
  Eat: Chunk             |     3 |     4 |     5 |    18 ||    30
       Fruit             |       |     2 |       |       ||     2
       Meat ration       |       |     1 |       |       ||     1
       Royal jelly       |       |     1 |       |       ||     1
       Bread ration      |       |       |     1 |       ||     1
Armor: Leather armour    |    11 |       |       |       ||    11
       Ring mail         |    32 |    42 |       |       ||    74
       Chain mail        |       |    24 |   248 |   141 ||   413
       Plate armour      |       |       |       |   205 ||   205
Dodge: Dodged            |    50 |    91 |   204 |   249 ||   594
Block: Large shield      |       |       |       |   289 ||   289
       Rpst.: Falchion   |       |     3 |     6 |       ||     9
